Canucks vs Wild

Created - 24 février 2013 at 22:31

Goals
1 2 3 T
Canucks 0 0 1 1
Wild 1 2 1 4
Shots
1 2 3 T
Canucks 10 11 9 30
Wild 10 18 6 34

1st period

1. Wild , Adam Deadmarsh 7 (Chris Higgins) at 3:36

Penalties :
Brad Richardson (Van) for Holding (Minor) at 8:50

2nd period

2. Wild , Anson Carter 8 (Fedor Tyutin, Mike Green) at 13:42
3. Wild , Jozef Stumpel 14 (Chris Drury, Mark Recchi) at 14:50 (PP)

Penalties :
Danil Markov (Min) for Cross-checking (Minor) at 11:47, Chris Campoli (Van) for Holding (Minor) at 11:47, Jonas Hoglund (Van) for Hooking (Minor) at 14:44, Clarke MacArthur (Van) for Holding (Minor) at 17:39

3rd period

4. Wild , Chris Drury 21 (Mark Recchi) at 9:55
5. Canucks , Fabian Brunnstrom 14 (Jaromir Jagr, Matt Stajan) at 19:28

Penalties :
Fedor Tyutin (Min) for Slashing (Minor) at 6:51, Fedor Tyutin (Min) for Roughing (Minor) at 9:43, Peter Worrell (Van) for Hooking (Minor) at 9:43, Mark Recchi (Min) for Roughing (Minor) at 13:57

Goalie Stats

Carey Price (Van), 30 saves from 34 shots - (0,882), L, 23-13-2, 60:00 minutes
Martin Brodeur (Min), 29 saves from 30 shots - (0,967), W, 19-16-2, 60:00 minutes

Players Stats for Canucks

Player Name              G  A  P  +/- PIM S  H  SB GA TA FO     MP     PP MP  PK MP  
------------------------------------------------------------------------------------
Brad Richardson          0  0  0   0  2   1  0  0  0  0  3/10   15:13   1:48   0:00 
Chris Campoli            0  0  0  -1  2   0  2  1  0  1  0/0    14:23   1:41   0:41 
Clarke MacArthur         0  0  0   0  2   2  1  0  1  0  1/2    17:21   1:48   0:44 
Craig Rivet              0  0  0   0  0   1  0  0  0  2  0/0    17:49   0:00   1:57 
Daniel Paille            0  0  0   0  0   1  0  1  0  0  0/0     9:14   0:00   1:02 
David Jones              0  0  0  -1  0   0  1  0  0  1  0/0    11:25   0:11   0:00 
Derian Hatcher           0  0  0   0  0   0  0  1  0  0  0/0    19:12   1:41   1:57 
Erik Christensen         0  0  0   0  0   0  1  0  0  0  2/3     8:54   0:00   0:42 
Fabian Brunnstrom        1  0  1  -1  0   10 0  1  1  0  1/3    18:03   2:00   0:29 
Jaromir Jagr             0  1  1  -1  0   2  0  1  1  1  4/10   22:34   2:10   2:19 
Johnny Boychuk           0  0  0  -1  0   0  0  0  0  2  0/0    12:46   0:00   0:41 
Jonas Hoglund            0  0  0  -1  2   3  1  0  0  0  0/0    19:01   1:48   1:15 
Mark Streit              0  0  0  -1  0   3  1  1  2  0  0/0    28:02   2:17   1:26 
Matt Stajan              0  1  1   0  0   2  1  0  0  0  16/28  19:03   2:09   0:41 
Peter Worrell            0  0  0   0  2   0  1  0  0  0  0/0    10:43   0:00   0:00 
Rickard Wallin           0  0  0   0  0   1  1  0  0  0  2/9    11:56   0:00   0:56 
Scott Niedermayer        0  0  0  -1  0   3  1  2  3  3  0/0    28:02   2:17   1:26 
Sheldon Keefe            0  0  0   0  0   1  0  0  0  0  0/0     8:12   0:00   0:00 

Players Stats for Wild

Player Name              G  A  P  +/- PIM S  H  SB GA TA FO     MP     PP MP  PK MP  
------------------------------------------------------------------------------------
Adam Deadmarsh           1  0  1   1  0   1  1  0  1  0  1/1    11:06   0:48   0:00 
Anson Carter             1  0  1   1  0   5  0  1  0  0  0/0    15:13   0:57   0:00 
Bret Hedican             0  0  0   1  0   1  0  4  0  2  0/0    21:48   1:14   0:58 
Chris Drury              1  1  2   0  0   5  2  1  2  0  16/30  22:03   2:12   1:39 
Chris Higgins            0  1  1   2  0   1  0  0  0  0  0/0    13:30   1:01   1:37 
Danil Markov             0  0  0   0  2   1  0  1  0  1  0/0    17:18   0:33   2:14 
Fedor Tyutin             0  1  1   1  4   0  5  2  0  1  0/0    17:27   1:14   0:46 
Fredrik Modin            0  0  0   0  0   1  0  0  0  0  0/0     8:37   0:22   0:21 
Jozef Stumpel            1  0  1   0  0   3  1  1  0  0  0/1    16:02   1:08   0:00 
Mark Recchi              0  2  2   0  2   4  0  1  0  0  3/6    20:22   2:12   0:00 
Mike Green               0  1  1   1  0   0  2  3  5  2  0/0    25:23   2:17   0:00 
Mike Knuble              0  0  0   0  0   2  0  0  0  1  1/1     8:08   0:07   0:00 
Mike Ricci               0  0  0   0  0   3  2  0  1  0  2/2     8:54   0:48   0:22 
Nathan Dempsey           0  0  0   1  0   1  4  0  0  1  0/0    23:11   2:17   1:44 
Niclas Wallin            0  0  0   0  0   0  1  0  0  0  0/0    15:12   0:33   2:14 
R.J. Umberger            0  0  0  -1  0   3  1  0  0  0  0/1    17:20   1:33   0:00 
Rod Brind'Amour          0  0  0   1  0   0  1  0  0  0  3/6    12:40   0:07   1:57 
Vaclav Prospal           0  0  0   0  0   3  3  0  1  0  10/17  17:46   0:57   2:00 

3 Stars

1 - Martin Brodeur (Min)
2 - Chris Drury (Min)
3 - Adam Deadmarsh (Min)

Power Play

Canucks - 0 on 2 Attempt(s) - 0,00%
Wild - 1 on 3 Attempt(s) - 33,33%

Penalty Kill

Canucks - 2 on 3 Attempt(s) - 66,67% - Score 0 goal in Penalty Kill
Wild - 2 on 2 Attempt(s) - 100,00% - Score 0 goal in Penalty Kill

Official

Referees : Banfield David and Devorski Paul
Linesman : Pierre Champoux and Brian Murphy

Game Notes

No Game Note

Finance

Level 1 -- Attendance: 4077 (67,95%) -- Ticket Income 489 240 $
Level 2 -- Attendance: 3274 (65,48%) -- Ticket Income 229 180 $
Level 3 -- Attendance: 1287 (64,35%) -- Ticket Income 57 915 $
Level 4 -- Attendance: 1911 (47,78%) -- Ticket Income 66 885 $
Luxury Box -- Attendance: 633 (63,30%) -- Ticket Income 158 250 $
Game was played at the Forest Center
Total Attendance: 11182 (62,12%)
Total Ticket Income: 1 001 470 $
Total Income: 1 001 470 $

Canucks

5 vs 5 Forward 
   Center                   Left Wing                Right Wing               Time % Phy DF OF 
 1 Matt Stajan              Fabian Brunnstrom        Jaromir Jagr             40     1   2  2  
 2 Brad Richardson          Clarke MacArthur         Jonas Hoglund            30     1   2  2  
 3 Rickard Wallin           Peter Worrell            David Jones              20     1   2  2  
 4 Erik Christensen         Daniel Paille            Sheldon Keefe            10     1   2  2  

5 vs 5 Defense 
   Defense                  Defense                                           Time % Phy DF OF 
 1 Scott Niedermayer        Mark Streit                                       40     1   2  2  
 2 Derian Hatcher           Craig Rivet                                       30     1   2  2  
 3 Chris Campoli            Johnny Boychuk                                    20     1   2  2  
 4 Scott Niedermayer        Mark Streit                                       10     1   2  2  

PowerPlay Forward 
   Center                   Left Wing                Right Wing               Time % Phy DF OF 
 1 Matt Stajan              Fabian Brunnstrom        Jaromir Jagr             60     1   2  2  
 2 Brad Richardson          Clarke MacArthur         Jonas Hoglund            40     1   2  2  

PowerPlay Defense
   Defense                  Defense                                           Time % Phy DF OF 
 1 Scott Niedermayer        Mark Streit                                       60     1   2  2  
 2 Derian Hatcher           Chris Campoli                                     40     1   2  2  

Penalty Kill 4 Players Forward 
   Center                   Wing                     Time % Phy DF OF 
 1 Jaromir Jagr             Jonas Hoglund            60     1   2  2  
 2 Clarke MacArthur         Matt Stajan              40     1   2  2  

Penalty Kill 4 Players Defense
   Defense                  Defense                  Time % Phy DF OF 
 1 Scott Niedermayer        Mark Streit              60     1   2  2  
 2 Derian Hatcher           Craig Rivet              40     1   2  2  

Penalty Kill - 3 Players Forward 
   Forward                                           Time % Phy DF OF 
 1 Jaromir Jagr                                      60     1   2  2  
 2 Jonas Hoglund                                     40     1   2  2  

Penalty Kill - 3 Players Defense
   Defense                  Defense                  Time % Phy DF OF 
 1 Scott Niedermayer        Mark Streit              60     1   2  2  
 2 Derian Hatcher           Craig Rivet              40     1   2  2  

4 vs 4 Forward 
   Center                   Wing                     Time % Phy DF OF 
 1 Jaromir Jagr             Jonas Hoglund            60     1   2  2  
 2 Clarke MacArthur         Matt Stajan              40     1   2  2  

4 vs 4 Defense
   Defense                  Defense                  Time % Phy DF OF 
 1 Scott Niedermayer        Mark Streit              60     1   2  2  
 2 Derian Hatcher           Craig Rivet              40     1   2  2  

Last Minutes Offensive
   Center                   Left Wing                Right Wing               Defense                  Defense                  
   Matt Stajan              Jaromir Jagr             Jonas Hoglund            Scott Niedermayer        Mark Streit              

Last Minutes Defensive
   Center                   Left Wing                Right Wing               Defense                  Defense                  
   Matt Stajan              Jaromir Jagr             Jonas Hoglund            Scott Niedermayer        Mark Streit              

Goaltenders
Starting : Carey Price              
Backup : Mike McKenna             

Extra Forwards
Normal : David Jones, Fabian Brunnstrom, Rickard Wallin - PP : David Jones, Fabian Brunnstrom - PK : Rickard Wallin
Extra Defensemen
Normal : Chris Campoli, Johnny Boychuk, Derian Hatcher - PP : Chris Campoli - PK : Johnny Boychuk, Derian Hatcher
Penalty Shots
Jonas Hoglund, Jaromir Jagr, Clarke MacArthur, Matt Stajan, Peter Worrell

Wild

5 vs 5 Forward 
   Center                   Left Wing                Right Wing               Time % Phy DF OF 
 1 Chris Drury              R.J. Umberger            Mark Recchi              40     1   1  3  
 2 Vaclav Prospal           Jozef Stumpel            Anson Carter             30     1   1  3  
 3 Rod Brind'Amour          Chris Higgins            Adam Deadmarsh           20     1   3  1  
 4 Mike Ricci               Fredrik Modin            Mike Knuble              10     2   2  1  

5 vs 5 Defense 
   Defense                  Defense                                           Time % Phy DF OF 
 1 Mike Green               Nathan Dempsey                                    40     1   3  1  
 2 Fedor Tyutin             Bret Hedican                                      30     1   3  1  
 3 Niclas Wallin            Danil Markov                                      20     2   2  1  
 4 Bret Hedican             Mike Green                                        10     1   3  1  

PowerPlay Forward 
   Center                   Left Wing                Right Wing               Time % Phy DF OF 
 1 Chris Drury              Jozef Stumpel            Mark Recchi              60     1   0  4  
 2 Vaclav Prospal           R.J. Umberger            Anson Carter             40     1   0  4  

PowerPlay Defense
   Defense                  Defense                                           Time % Phy DF OF 
 1 Mike Green               Nathan Dempsey                                    60     1   1  3  
 2 Fedor Tyutin             Bret Hedican                                      40     1   1  3  

Penalty Kill 4 Players Forward 
   Center                   Wing                     Time % Phy DF OF 
 1 Rod Brind'Amour          Vaclav Prospal           60     3   2  0  
 2 Mike Ricci               Chris Higgins            40     3   2  0  

Penalty Kill 4 Players Defense
   Defense                  Defense                  Time % Phy DF OF 
 1 Danil Markov             Niclas Wallin            60     2   3  0  
 2 Fedor Tyutin             Nathan Dempsey           40     2   3  0  

Penalty Kill - 3 Players Forward 
   Forward                                           Time % Phy DF OF 
 1 Rod Brind'Amour                                   60     2   3  0  
 2 Mike Ricci                                        40     2   3  0  

Penalty Kill - 3 Players Defense
   Defense                  Defense                  Time % Phy DF OF 
 1 Danil Markov             Niclas Wallin            60     3   2  0  
 2 Nathan Dempsey           Bret Hedican             40     3   2  0  

4 vs 4 Forward 
   Center                   Wing                     Time % Phy DF OF 
 1 Mark Recchi              Chris Drury              60     1   1  3  
 2 Jozef Stumpel            Vaclav Prospal           40     1   1  3  

4 vs 4 Defense
   Defense                  Defense                  Time % Phy DF OF 
 1 Mike Green               Nathan Dempsey           60     1   3  1  
 2 Fedor Tyutin             Bret Hedican             40     1   3  1  

Last Minutes Offensive
   Center                   Left Wing                Right Wing               Defense                  Defense                  
   Chris Drury              Jozef Stumpel            Mark Recchi              Mike Green               Nathan Dempsey           

Last Minutes Defensive
   Center                   Left Wing                Right Wing               Defense                  Defense                  
   Rod Brind'Amour          Chris Higgins            Mike Ricci               Danil Markov             Niclas Wallin            

Goaltenders
Starting : Martin Brodeur           
Backup : Jamie Storr              

Extra Forwards
Normal : Chris Drury, Mark Recchi, Anson Carter - PP : Chris Drury, Mark Recchi - PK : Rod Brind'Amour
Extra Defensemen
Normal : Mike Green, Nathan Dempsey, Bret Hedican - PP : Mike Green - PK : Danil Markov, Nathan Dempsey
Penalty Shots
Mark Recchi, Chris Drury, Jozef Stumpel, Vaclav Prospal, Rod Brind'Amour

% Time on Ice - Canucks

Lines # - Real PCT - Wanted PCT - Time Play
Normal Forward
1 - 33% - 40% - 15:46
2 - 28% - 30% - 13:23
3 - 22% - 20% - 10:39
4 - 17% - 10% - 8:12
Normal Defense
1 - 36% - 40% - 17:29
2 - 31% - 30% - 14:51
3 - 24% - 20% - 11:24
4 - 9% - 10% - 4:16
PP Forward
1 - 55% - 60% - 2:10
2 - 45% - 40% - 1:48
PP Defense
1 - 58% - 60% - 2:17
2 - 42% - 40% - 1:41
PK Forward
1 - 83% - 60% - 3:23
2 - 17% - 40% - 0:41
PK Defense
1 - 52% - 60% - 2:07
2 - 48% - 40% - 1:57
PK3 Forward
1 - 0% - 60%
2 - 0% - 40%
PK3 Defense
1 - 0% - 60%
2 - 0% - 40%
44 Forward
1 - 72% - 60% - 2:52
2 - 28% - 40% - 1:06
44 Defense
1 - 65% - 60% - 2:34
2 - 35% - 40% - 1:24
Last Minute Offensive  - 0:00
Last Minute Defensive  - 0:00
Total
Forward - 60:00
Defense - 60:00

% Time on Ice - Wild

Lines # - Real PCT - Wanted PCT - Time Play
Normal Forward
1 - 33% - 40% - 16:00
2 - 29% - 30% - 13:51
3 - 21% - 20% - 10:18
4 - 16% - 10% - 7:51
Normal Defense
1 - 37% - 40% - 17:40
2 - 31% - 30% - 14:47
3 - 26% - 20% - 12:24
4 - 7% - 10% - 3:09
PP Forward
1 - 62% - 60% - 2:31
2 - 38% - 40% - 1:33
PP Defense
1 - 70% - 60% - 2:50
2 - 30% - 40% - 1:14
PK Forward
1 - 94% - 60% - 3:43
2 - 6% - 40% - 0:15
PK Defense
1 - 56% - 60% - 2:14
2 - 44% - 40% - 1:44
PK3 Forward
1 - 0% - 60%
2 - 0% - 40%
PK3 Defense
1 - 0% - 60%
2 - 0% - 40%
44 Forward
1 - 71% - 60% - 2:50
2 - 29% - 40% - 1:08
44 Defense
1 - 58% - 60% - 2:18
2 - 42% - 40% - 1:40
Last Minute Offensive  - 0:00
Last Minute Defensive  - 0:00
Total
Forward - 60:00
Defense - 60:00

Play by Play

1st period


0:01 of 1st period - Matt Stajan wins face-off versus Chris Drury in neutral zone.
0:06 of 1st period - Snap shot by Fabian Brunnstrom.
0:06 of 1st period - Stopped by Martin Brodeur with a rebound.
0:36 of 1st period - Snap shot by Clarke MacArthur.
0:36 of 1st period - Deflect By Jonas Hoglund.
0:36 of 1st period - Stopped by Martin Brodeur with a rebound.
0:38 of 1st period - Wrist shot by Jonas Hoglund.
0:38 of 1st period - Shot Blocked by Mike Green.
1:35 of 1st period - Snap shot by Adam Deadmarsh.
1:35 of 1st period - Shot Misses the Net.
1:37 of 1st period - Slapshot by Nathan Dempsey.
1:37 of 1st period - Shot Misses the Net.
1:55 of 1st period - Wrist shot by Jonas Hoglund.
1:55 of 1st period - Stopped by Martin Brodeur without a rebound.
1:56 of 1st period - Mike Ricci wins face-off versus Brad Richardson in Wild zone.
2:32 of 1st period - Wrist shot by Clarke MacArthur.
2:32 of 1st period - Shot Misses the Net.
2:34 of 1st period - Slapshot by Scott Niedermayer.
2:34 of 1st period - Stopped by Martin Brodeur with a rebound.
2:36 of 1st period - Slapshot by Mark Streit.
2:36 of 1st period - Stopped by Martin Brodeur without a rebound.
2:37 of 1st period - Matt Stajan wins face-off versus Chris Drury in Wild zone.
2:53 of 1st period - Icing by Chris Campoli.
2:54 of 1st period - Matt Stajan wins face-off versus Rod Brind'Amour in Canucks zone.
3:36 of 1st period - Wrist shot by Adam Deadmarsh.
3:36 of 1st period - Goal by Adam Deadmarsh - Canucks : 0 - Wild : 1.
3:37 of 1st period - Chris Drury wins face-off versus Rickard Wallin in neutral zone.
3:44 of 1st period - Snap shot by Mark Recchi.
3:44 of 1st period - Stopped by Carey Price without a rebound.
3:45 of 1st period - Rickard Wallin wins face-off versus Chris Drury in Canucks zone.
3:50 of 1st period - Backhand shot by Scott Niedermayer.
3:50 of 1st period - Stopped by Martin Brodeur without a rebound.
3:51 of 1st period - Rickard Wallin wins face-off versus Vaclav Prospal in Wild zone.
3:55 of 1st period - Icing by Fedor Tyutin.
3:56 of 1st period - Vaclav Prospal wins face-off versus Rickard Wallin in Wild zone.
4:51 of 1st period - Wrist shot by Sheldon Keefe.
4:51 of 1st period - Shot Misses the Net.
5:20 of 1st period - Icing by Craig Rivet.
5:21 of 1st period - Vaclav Prospal wins face-off versus Fabian Brunnstrom in Canucks zone.
6:05 of 1st period - Snap shot by Rickard Wallin.
6:05 of 1st period - Shot Misses the Net.
6:42 of 1st period - Sheldon Keefe is hit by Niclas Wallin and loses puck.
6:53 of 1st period - Slapshot by Mike Knuble.
6:53 of 1st period - Stopped by Carey Price without a rebound.
6:54 of 1st period - Chris Drury wins face-off versus Brad Richardson in Canucks zone.
7:57 of 1st period - Icing by David Jones.
7:58 of 1st period - Chris Drury wins face-off versus Erik Christensen in Canucks zone.
7:59 of 1st period - Wrist shot by R.J. Umberger.
7:59 of 1st period - Shot Misses the Net.
8:10 of 1st period - Off-side.
8:11 of 1st period - Matt Stajan wins face-off versus Chris Drury in neutral zone.
8:16 of 1st period - Snap shot by Fabian Brunnstrom.
8:16 of 1st period - Stopped by Martin Brodeur with a rebound.
8:18 of 1st period - Slapshot by Fabian Brunnstrom.
8:18 of 1st period - Stopped by Martin Brodeur without a rebound.
8:19 of 1st period - Matt Stajan wins face-off versus Chris Drury in Wild zone.
8:32 of 1st period - Snap shot by Mark Recchi.
8:32 of 1st period - Stopped by Carey Price with a rebound.
8:47 of 1st period - Snap shot by Clarke MacArthur.
8:47 of 1st period - Shot Misses the Net.
8:49 of 1st period - Slapshot by Scott Niedermayer.
8:49 of 1st period - Stopped by Martin Brodeur without a rebound.
8:50 of 1st period - Brad Richardson wins face-off versus Vaclav Prospal in Wild zone.
8:50 of 1st period - Minor Penalty to Brad Richardson for Holding.
8:51 of 1st period - Jaromir Jagr wins face-off versus Jozef Stumpel in Canucks zone.
9:26 of 1st period - Snap shot by R.J. Umberger.
9:26 of 1st period - Stopped by Carey Price without a rebound.
9:27 of 1st period - Vaclav Prospal wins face-off versus Clarke MacArthur in Canucks zone.
10:50 of 1st period - Penalty to Brad Richardson is over, Brad Richardson is back on ice.
10:50 of 1st period - Craig Rivet is hit by Chris Drury and loses puck.
11:01 of 1st period - Wrist shot by David Jones.
11:01 of 1st period - Shot Blocked by Fedor Tyutin.
11:03 of 1st period - Slapshot by Peter Worrell.
11:03 of 1st period - Shot Blocked by Bret Hedican.
11:05 of 1st period - Wrist shot by David Jones.
11:05 of 1st period - Shot Misses the Net.
11:07 of 1st period - Slapshot by Craig Rivet.
11:07 of 1st period - Shot Blocked by Bret Hedican.
11:09 of 1st period - Snap shot by Rickard Wallin.
11:09 of 1st period - Stopped by Martin Brodeur without a rebound.
11:10 of 1st period - Mike Ricci wins face-off versus Rickard Wallin in Wild zone.
11:41 of 1st period - Slapshot by Mike Ricci.
11:41 of 1st period - Shot Misses the Net.
11:47 of 1st period - Slapshot by Mike Ricci.
11:47 of 1st period - Shot Misses the Net.
11:49 of 1st period - Slapshot by Mike Knuble.
11:49 of 1st period - Stopped by Carey Price without a rebound.
11:50 of 1st period - Chris Drury wins face-off versus Matt Stajan in Canucks zone.
11:55 of 1st period - Snap shot by R.J. Umberger.
11:55 of 1st period - Stopped by Carey Price with a rebound.
12:15 of 1st period - Mark Streit is hit by Nathan Dempsey.
12:52 of 1st period - Snap shot by Matt Stajan.
12:52 of 1st period - Shot Blocked by Chris Drury.
14:21 of 1st period - Mike Ricci is hit by Chris Campoli and loses puck.
14:28 of 1st period - Johnny Boychuk is hit by Mike Ricci and loses puck.
14:43 of 1st period - Mark Streit is hit by Fedor Tyutin and loses puck.
15:08 of 1st period - Wrist shot by Anson Carter.
15:08 of 1st period - Shot Blocked by Scott Niedermayer.
15:10 of 1st period - Slapshot by Danil Markov.
15:10 of 1st period - Stopped by Carey Price with a rebound.
15:43 of 1st period - Rickard Wallin is hit by Fedor Tyutin and loses puck.
15:48 of 1st period - Wrist shot by Mike Ricci.
15:48 of 1st period - Stopped by Carey Price with a rebound.
16:13 of 1st period - Snap shot by Chris Higgins.
16:13 of 1st period - Stopped by Carey Price without a rebound.
16:14 of 1st period - Fabian Brunnstrom wins face-off versus Chris Drury in Canucks zone.
16:39 of 1st period - Clarke MacArthur is hit by Vaclav Prospal and loses puck.
17:00 of 1st period - Peter Worrell is hit by Nathan Dempsey and loses puck.
17:29 of 1st period - Wrist shot by Chris Drury.
17:29 of 1st period - Shot Blocked by Derian Hatcher.
18:51 of 1st period - Backhand shot by Rod Brind'Amour.
18:51 of 1st period - Shot Misses the Net.
19:02 of 1st period - Icing by Danil Markov.
19:03 of 1st period - Matt Stajan wins face-off versus Rod Brind'Amour in Wild zone.
19:48 of 1st period - Mike Green is hit by Peter Worrell and loses puck.

2nd period


0:01 of 2nd period - Chris Drury wins face-off versus Matt Stajan in neutral zone.
0:14 of 2nd period - Slapshot by Mark Recchi.
0:14 of 2nd period - Shot Misses the Net.
0:16 of 2nd period - Slapshot by Mike Green.
0:16 of 2nd period - Shot Misses the Net.
0:26 of 2nd period - Jozef Stumpel is hit by Clarke MacArthur and loses puck.
0:37 of 2nd period - Wrist shot by Jonas Hoglund.
0:37 of 2nd period - Shot Misses the Net.
0:58 of 2nd period - Fedor Tyutin is hit by David Jones and loses puck.
1:30 of 2nd period - Slapshot by Nathan Dempsey.
1:30 of 2nd period - Shot Misses the Net.
1:32 of 2nd period - Slapshot by Mike Green.
1:32 of 2nd period - Shot Blocked by Fabian Brunnstrom.
1:34 of 2nd period - Backhand shot by Fredrik Modin.
1:34 of 2nd period - Stopped by Carey Price without a rebound.
1:35 of 2nd period - Mike Knuble wins face-off versus Matt Stajan in Canucks zone.
2:16 of 2nd period - Snap shot by Mike Ricci.
2:16 of 2nd period - Stopped by Carey Price without a rebound.
2:17 of 2nd period - Chris Drury wins face-off versus Matt Stajan in Canucks zone.
2:26 of 2nd period - Slapshot by Jaromir Jagr.
2:26 of 2nd period - Stopped by Martin Brodeur without a rebound.
2:27 of 2nd period - Matt Stajan wins face-off versus Chris Drury in Wild zone.
2:40 of 2nd period - Wrist shot by Fabian Brunnstrom.
2:40 of 2nd period - Stopped by Martin Brodeur with a rebound.
2:42 of 2nd period - Snap shot by Jaromir Jagr.
2:42 of 2nd period - Shot Blocked by Fedor Tyutin.
3:05 of 2nd period - Snap shot by Jaromir Jagr.
3:05 of 2nd period - Shot Misses the Net.
3:21 of 2nd period - Snap shot by Jaromir Jagr.
3:21 of 2nd period - Shot Blocked by Mark Recchi.
3:29 of 2nd period - Slapshot by Mark Streit.
3:29 of 2nd period - Stopped by Martin Brodeur without a rebound.
3:30 of 2nd period - Brad Richardson wins face-off versus Vaclav Prospal in Wild zone.
3:41 of 2nd period - Slapshot by Jonas Hoglund.
3:41 of 2nd period - Shot Misses the Net.
3:43 of 2nd period - Slapshot by Johnny Boychuk.
3:43 of 2nd period - Deflect By Jonas Hoglund.
3:43 of 2nd period - Shot Blocked by Anson Carter.
3:43 of 2nd period - Puck is out of play.
3:44 of 2nd period - Vaclav Prospal wins face-off versus Brad Richardson in Wild zone.
3:51 of 2nd period - Slapshot by Clarke MacArthur.
3:51 of 2nd period - Stopped by Martin Brodeur without a rebound.
3:52 of 2nd period - Clarke MacArthur wins face-off versus Vaclav Prospal in Wild zone.
4:59 of 2nd period - Derian Hatcher is hit by Nathan Dempsey and loses puck.
5:12 of 2nd period - Snap shot by Jonas Hoglund.
5:12 of 2nd period - Stopped by Martin Brodeur without a rebound.
5:13 of 2nd period - Jaromir Jagr wins face-off versus Chris Drury in Wild zone.
5:21 of 2nd period - Scott Niedermayer is hit by Fedor Tyutin and loses puck.
5:49 of 2nd period - Wrist shot by Adam Deadmarsh.
5:49 of 2nd period - Deflect By David Jones.
5:49 of 2nd period - Shot Misses the Net.
5:49 of 2nd period - Puck is out of play.
5:50 of 2nd period - Chris Drury wins face-off versus Matt Stajan in Canucks zone.
6:15 of 2nd period - Snap shot by Chris Drury.
6:15 of 2nd period - Stopped by Carey Price with a rebound.
6:35 of 2nd period - Mark Streit is hit by Mike Ricci and loses puck.
7:19 of 2nd period - Off-side.
7:20 of 2nd period - Adam Deadmarsh wins face-off versus Brad Richardson in neutral zone.
7:33 of 2nd period - Snap shot by Adam Deadmarsh.
7:33 of 2nd period - Shot Misses the Net.
7:45 of 2nd period - Wrist shot by Fabian Brunnstrom.
7:45 of 2nd period - Shot Blocked by Bret Hedican.
7:47 of 2nd period - Slapshot by Craig Rivet.
7:47 of 2nd period - Shot Blocked by Bret Hedican.
7:49 of 2nd period - Slapshot by Matt Stajan.
7:49 of 2nd period - Stopped by Martin Brodeur without a rebound.
7:50 of 2nd period - Matt Stajan wins face-off versus Chris Drury in Wild zone.
8:11 of 2nd period - Snap shot by Fabian Brunnstrom.
8:11 of 2nd period - Stopped by Martin Brodeur without a rebound.
8:12 of 2nd period - Vaclav Prospal wins face-off versus Brad Richardson in Wild zone.
8:12 of 2nd period - Mike Green is hit by Jonas Hoglund and loses puck.
8:19 of 2nd period - Snap shot by Clarke MacArthur.
8:19 of 2nd period - Stopped by Martin Brodeur with a rebound.
8:23 of 2nd period - Wrist shot by Clarke MacArthur.
8:23 of 2nd period - Shot Blocked by Mike Green.
8:42 of 2nd period - Wrist shot by Anson Carter.
8:42 of 2nd period - Stopped by Carey Price without a rebound.
8:43 of 2nd period - Chris Drury wins face-off versus Rickard Wallin in Canucks zone.
8:48 of 2nd period - Wrist shot by Chris Drury.
8:48 of 2nd period - Stopped by Carey Price without a rebound.
8:49 of 2nd period - Matt Stajan wins face-off versus Chris Drury in Canucks zone.
8:49 of 2nd period - Matt Stajan is hit by Mike Green.
9:48 of 2nd period - Wrist shot by Chris Drury.
9:48 of 2nd period - Shot Misses the Net.
9:50 of 2nd period - Slapshot by Bret Hedican.
9:50 of 2nd period - Shot Blocked by Daniel Paille.
9:52 of 2nd period - Snap shot by Mark Recchi.
9:52 of 2nd period - Stopped by Carey Price with a rebound.
10:02 of 2nd period - Slapshot by Mark Recchi.
10:02 of 2nd period - Shot Misses the Net.
10:04 of 2nd period - Slapshot by Mike Green.
10:04 of 2nd period - Shot Misses the Net.
10:06 of 2nd period - Slapshot by Bret Hedican.
10:06 of 2nd period - Shot Blocked by Chris Campoli.
10:08 of 2nd period - Slapshot by R.J. Umberger.
10:08 of 2nd period - Stopped by Carey Price with a rebound.
10:10 of 2nd period - Wrist shot by Mark Recchi.
10:10 of 2nd period - Deflect By R.J. Umberger.
10:10 of 2nd period - Shot Misses the Net.
10:10 of 2nd period - Puck is out of play.
10:11 of 2nd period - Vaclav Prospal wins face-off versus Matt Stajan in Canucks zone.
10:25 of 2nd period - Wrist shot by Anson Carter.
10:25 of 2nd period - Stopped by Carey Price without a rebound.
10:26 of 2nd period - Vaclav Prospal wins face-off versus Brad Richardson in Canucks zone.
10:27 of 2nd period - Wrist shot by Anson Carter.
10:27 of 2nd period - Shot Misses the Net.
10:37 of 2nd period - Snap shot by Vaclav Prospal.
10:37 of 2nd period - Shot Misses the Net.
10:39 of 2nd period - Snap shot by Anson Carter.
10:39 of 2nd period - Stopped by Carey Price without a rebound.
10:40 of 2nd period - Vaclav Prospal wins face-off versus Matt Stajan in Canucks zone.
10:55 of 2nd period - Backhand shot by Fabian Brunnstrom.
10:55 of 2nd period - Stopped by Martin Brodeur with a rebound.
11:05 of 2nd period - Scott Niedermayer is hit by Rod Brind'Amour and loses puck.
11:47 of 2nd period - Minor Penalty to Danil Markov for Cross-checking.
11:47 of 2nd period - Minor Penalty to Chris Campoli for Holding.
11:48 of 2nd period - Mark Recchi wins face-off versus Jaromir Jagr in Wild zone.
12:38 of 2nd period - Off-side.
12:39 of 2nd period - Jaromir Jagr wins face-off versus Mark Recchi in neutral zone.
13:03 of 2nd period - Craig Rivet is hit by Vaclav Prospal and loses puck.
13:12 of 2nd period - Nathan Dempsey is hit by Scott Niedermayer and loses puck.
13:38 of 2nd period - Snap shot by Anson Carter.
13:38 of 2nd period - Shot Misses the Net.
13:40 of 2nd period - Wrist shot by Anson Carter.
13:40 of 2nd period - Shot Misses the Net.
13:42 of 2nd period - Snap shot by Anson Carter.
13:42 of 2nd period - Goal by Anson Carter - Canucks : 0 - Wild : 2.
13:43 of 2nd period - Jaromir Jagr wins face-off versus Mark Recchi in neutral zone.
13:47 of 2nd period - Penalty to Danil Markov is over, Danil Markov is back on ice.
13:47 of 2nd period - Penalty to Chris Campoli is over, Chris Campoli is back on ice.
14:01 of 2nd period - Slapshot by Derian Hatcher.
14:01 of 2nd period - Deflect By Jaromir Jagr.
14:01 of 2nd period - Shot Blocked by Danil Markov.
14:01 of 2nd period - Puck is out of play.
14:02 of 2nd period - Vaclav Prospal wins face-off versus Rickard Wallin in Wild zone.
14:31 of 2nd period - Wrist shot by Mark Recchi.
14:31 of 2nd period - Deflect By Chris Drury.
14:31 of 2nd period - Stopped by Carey Price with a rebound.
14:44 of 2nd period - Minor Penalty to Jonas Hoglund for Hooking.
14:45 of 2nd period - Chris Drury wins face-off versus Jaromir Jagr in Canucks zone.
14:46 of 2nd period - Slapshot by Mark Recchi.
14:46 of 2nd period - Shot Blocked by Mark Streit.
14:48 of 2nd period - Slapshot by Chris Drury.
14:48 of 2nd period - Shot Misses the Net.
14:50 of 2nd period - Wrist shot by Jozef Stumpel.
14:50 of 2nd period - Goal by Jozef Stumpel - Canucks : 0 - Wild : 3.
14:51 of 2nd period - Matt Stajan wins face-off versus Chris Drury in neutral zone.
14:54 of 2nd period - Wrist shot by Fabian Brunnstrom.
14:54 of 2nd period - Stopped by Martin Brodeur with a rebound.
15:02 of 2nd period - Snap shot by Chris Drury.
15:02 of 2nd period - Stopped by Carey Price without a rebound.
15:03 of 2nd period - Chris Drury wins face-off versus Fabian Brunnstrom in Canucks zone.
15:04 of 2nd period - Wrist shot by Mark Recchi.
15:04 of 2nd period - Shot Blocked by Jaromir Jagr.
15:25 of 2nd period - Icing by Matt Stajan.
15:26 of 2nd period - Vaclav Prospal wins face-off versus Jaromir Jagr in Canucks zone.
15:35 of 2nd period - Snap shot by Anson Carter.
15:35 of 2nd period - Stopped by Carey Price without a rebound.
15:36 of 2nd period - Brad Richardson wins face-off versus Vaclav Prospal in Canucks zone.
15:45 of 2nd period - Wrist shot by Jonas Hoglund.
15:45 of 2nd period - Shot Misses the Net.
15:57 of 2nd period - Snap shot by Jozef Stumpel.
15:57 of 2nd period - Stopped by Carey Price with a rebound.
15:59 of 2nd period - Wrist shot by Jozef Stumpel.
15:59 of 2nd period - Shot Blocked by Scott Niedermayer.
16:01 of 2nd period - Wrist shot by Vaclav Prospal.
16:01 of 2nd period - Stopped by Carey Price with a rebound.
16:03 of 2nd period - Wrist shot by Vaclav Prospal.
16:03 of 2nd period - Shot Misses the Net.
16:41 of 2nd period - Slapshot by Mark Streit.
16:41 of 2nd period - Shot Blocked by Jozef Stumpel.
16:53 of 2nd period - Snap shot by Jonas Hoglund.
16:53 of 2nd period - Shot Misses the Net.
17:03 of 2nd period - Snap shot by Bret Hedican.
17:03 of 2nd period - Stopped by Carey Price with a rebound.
17:05 of 2nd period - Slapshot by Vaclav Prospal.
17:05 of 2nd period - Stopped by Carey Price with a rebound.
17:39 of 2nd period - Minor Penalty to Clarke MacArthur for Holding.
17:40 of 2nd period - Chris Drury wins face-off versus Jaromir Jagr in Canucks zone.
18:29 of 2nd period - Craig Rivet is hit by Adam Deadmarsh and loses puck.
18:58 of 2nd period - Wrist shot by Fabian Brunnstrom.
18:58 of 2nd period - Stopped by Martin Brodeur with a rebound.
19:28 of 2nd period - Chris Campoli is hit by Fedor Tyutin.
19:39 of 2nd period - Penalty to Clarke MacArthur is over, Clarke MacArthur is back on ice.
19:44 of 2nd period - Jaromir Jagr is hit by R.J. Umberger and loses puck.

3rd period


0:01 of 3rd period - Matt Stajan wins face-off versus Chris Drury in neutral zone.
0:36 of 3rd period - Wrist shot by Clarke MacArthur.
0:36 of 3rd period - Shot Blocked by Mike Green.
1:00 of 3rd period - Wrist shot by Mike Ricci.
1:00 of 3rd period - Shot Hit the Post.
1:18 of 3rd period - Wrist shot by Mark Streit.
1:18 of 3rd period - Stopped by Martin Brodeur with a rebound.
1:26 of 3rd period - Rickard Wallin is hit by Fedor Tyutin and loses puck.
2:23 of 3rd period - Wrist shot by Jaromir Jagr.
2:23 of 3rd period - Shot Misses the Net.
2:43 of 3rd period - Snap shot by Sheldon Keefe.
2:43 of 3rd period - Shot Misses the Net.
2:45 of 3rd period - Slapshot by Scott Niedermayer.
2:45 of 3rd period - Deflect By Daniel Paille.
2:45 of 3rd period - Shot Misses the Net.
2:45 of 3rd period - Puck is out of play.
2:46 of 3rd period - Chris Drury wins face-off versus Matt Stajan in Wild zone.
2:46 of 3rd period - Chris Drury is hit by Matt Stajan.
4:44 of 3rd period - Snap shot by Nathan Dempsey.
4:44 of 3rd period - Stopped by Carey Price without a rebound.
4:45 of 3rd period - Erik Christensen wins face-off versus Vaclav Prospal in Canucks zone.
4:54 of 3rd period - Wrist shot by Sheldon Keefe.
4:54 of 3rd period - Stopped by Martin Brodeur with a rebound.
4:56 of 3rd period - Slapshot by Craig Rivet.
4:56 of 3rd period - Stopped by Martin Brodeur without a rebound.
4:57 of 3rd period - Matt Stajan wins face-off versus R.J. Umberger in Wild zone.
5:24 of 3rd period - Jonas Hoglund is hit by Jozef Stumpel and loses puck.
5:31 of 3rd period - Wrist shot by Vaclav Prospal.
5:31 of 3rd period - Deflect By Jozef Stumpel.
5:31 of 3rd period - Shot Misses the Net.
5:31 of 3rd period - Puck is out of play.
5:32 of 3rd period - Chris Drury wins face-off versus Matt Stajan in Canucks zone.
6:50 of 3rd period - Snap shot by Mike Ricci.
6:50 of 3rd period - Stopped by Carey Price without a rebound.
6:51 of 3rd period - Matt Stajan wins face-off versus Mark Recchi in Canucks zone.
6:51 of 3rd period - Minor Penalty to Fedor Tyutin for Slashing.
6:52 of 3rd period - Matt Stajan wins face-off versus Rod Brind'Amour in Wild zone.
6:53 of 3rd period - Slapshot by Fabian Brunnstrom.
6:53 of 3rd period - Shot Misses the Net.
8:13 of 3rd period - Niclas Wallin is hit by Mark Streit and loses puck.
8:46 of 3rd period - Chris Campoli is hit by Nathan Dempsey.
8:51 of 3rd period - Penalty to Fedor Tyutin is over, Fedor Tyutin is back on ice.
8:58 of 3rd period - Mike Green is hit by Chris Campoli and loses puck.
9:43 of 3rd period - Minor Penalty to Fedor Tyutin for Roughing.
9:43 of 3rd period - Minor Penalty to Peter Worrell for Hooking.
9:44 of 3rd period - Mark Recchi wins face-off versus Jaromir Jagr in Canucks zone.
9:55 of 3rd period - Wrist shot by Chris Drury.
9:55 of 3rd period - Goal by Chris Drury - Canucks : 0 - Wild : 4.
9:56 of 3rd period - Mark Recchi wins face-off versus Jaromir Jagr in neutral zone.
10:36 of 3rd period - Slapshot by Clarke MacArthur.
10:36 of 3rd period - Shot Misses the Net.
11:43 of 3rd period - Penalty to Fedor Tyutin is over, Fedor Tyutin is back on ice.
11:43 of 3rd period - Penalty to Peter Worrell is over, Peter Worrell is back on ice.
11:47 of 3rd period - Slapshot by Vaclav Prospal.
11:47 of 3rd period - Stopped by Carey Price without a rebound.
11:48 of 3rd period - Rod Brind'Amour wins face-off versus Rickard Wallin in Canucks zone.
12:25 of 3rd period - Snap shot by Jaromir Jagr.
12:25 of 3rd period - Stopped by Martin Brodeur with a rebound.
12:37 of 3rd period - Wrist shot by Jonas Hoglund.
12:37 of 3rd period - Shot Misses the Net.
12:39 of 3rd period - Snap shot by Brad Richardson.
12:39 of 3rd period - Stopped by Martin Brodeur without a rebound.
12:40 of 3rd period - Chris Drury wins face-off versus Brad Richardson in Wild zone.
13:05 of 3rd period - Matt Stajan is hit by Vaclav Prospal and loses puck.
13:26 of 3rd period - Snap shot by Matt Stajan.
13:26 of 3rd period - Stopped by Martin Brodeur without a rebound.
13:27 of 3rd period - Rod Brind'Amour wins face-off versus Rickard Wallin in Wild zone.
13:57 of 3rd period - Minor Penalty to Mark Recchi for Roughing.
13:58 of 3rd period - Rod Brind'Amour wins face-off versus Matt Stajan in Wild zone.
15:30 of 3rd period - Scott Niedermayer is hit by Chris Drury and loses puck.
15:57 of 3rd period - Penalty to Mark Recchi is over, Mark Recchi is back on ice.
16:09 of 3rd period - Mike Knuble is hit by Rickard Wallin and loses puck.
16:16 of 3rd period - Snap shot by Rickard Wallin.
16:16 of 3rd period - Shot Misses the Net.
16:28 of 3rd period - Mike Green is hit by Erik Christensen and loses puck.
16:35 of 3rd period - Wrist shot by Daniel Paille.
16:35 of 3rd period - Stopped by Martin Brodeur without a rebound.
16:36 of 3rd period - Erik Christensen wins face-off versus Vaclav Prospal in Wild zone.
17:19 of 3rd period - Snap shot by Fabian Brunnstrom.
17:19 of 3rd period - Shot Misses the Net.
18:03 of 3rd period - Wrist shot by Jozef Stumpel.
18:03 of 3rd period - Stopped by Carey Price without a rebound.
18:04 of 3rd period - Chris Drury wins face-off versus Matt Stajan in Canucks zone.
18:15 of 3rd period - Snap shot by Mark Recchi.
18:15 of 3rd period - Stopped by Carey Price without a rebound.
18:16 of 3rd period - Matt Stajan wins face-off versus Chris Drury in Canucks zone.
18:41 of 3rd period - Brad Richardson is hit by Mike Green and loses puck.
19:28 of 3rd period - Snap shot by Fabian Brunnstrom.
19:28 of 3rd period - Goal by Fabian Brunnstrom - Canucks : 1 - Wild : 4.
19:29 of 3rd period - Matt Stajan wins face-off versus Chris Drury in neutral zone.
19:42 of 3rd period - Wrist shot by Fabian Brunnstrom.
19:42 of 3rd period - Stopped by Martin Brodeur without a rebound.
19:43 of 3rd period - Chris Drury wins face-off versus Matt Stajan in Wild zone.


Output by the SimonT Hockey Simulator (STHS) for François Prévost -- Original Page W3C XHTML 1.0 Valid
Hockey Simulator - Hockey Simulation - Hockey Manager